 Dungeon Crawl Stone Soup version 0.21-a0-401-g0b6bec4 (webtiles) character file.

46 failingpatato the Skirmisher (level 3, -2/34 HPs)
             Began as a Minotaur Berserker on Oct 24, 2017.
             Was a Believer of Trog.
             Hit by a goblin thrown by Robin (3 damage)
             ... on level 2 of the Dungeon.
             The game lasted 00:06:30 (831 turns).

failingpatato the Skirmisher (Minotaur Berserker)    Turns: 831, Time: 00:06:31

Health: -2/34      AC:  2    Str: 22    XL:     3   Next: 46%
Magic:  2/2        EV: 12    Int:  4    God:    Trog [**....]
Gold:   43         SH:  0    Dex:  9    Spells: 2/2 levels left

rFire    . . .     SeeInvis .   a - +0 hand axe
rCold    . . .     Gourm    .   (no shield)
rNeg     . . .     Faith    .   b - +0 animal skin
rPois    .         Spirit   .   (helmet restricted)
rElec    .         Reflect  .   (no cloak)
rCorr    .         Harm     .   (no gloves)
MR       .....                  (no boots)
Stlth    +.........             (no amulet)
HPRegen  0.11/turn              (no ring)
MPRegen  0.08/turn              (no ring)

@: lethally poisoned (-2 -> -5)
A: retaliatory headbutt, horns 2
a: Berserk, Trog's Hand, Burn Spellbooks, Renounce Religion


You were on level 2 of the Dungeon.
You worshipped Trog.
Trog was pleased with you.
You were not hungry.

You visited 1 branch of the dungeon, and saw 2 of its levels.

You collected 43 gold pieces.

Inventory:

Hand Weapons
 a - a +0 hand axe (weapon)
 d - a +0 dagger
Missiles
 e - 42 stones (quivered)
 m - 14 bolts
Armour
 b - a +0 animal skin (worn)
 f - a +0 leather armour
 n - a +0 scale mail
 o - a cursed +0 scale mail
Scrolls
 h - a scroll of remove curse {unknown}
 j - a scroll of magic mapping {unknown}
 k - a scroll of identify {unknown}
Potions
 g - a potion of curing {unknown}
 i - a potion of flight {unknown}
 l - a potion of brilliance {unknown}
Comestibles
 c - a bread ration
 p - a meat ration


   Skills:
 + Level 4.5 Fighting
 + Level 4.3 Axes
 + Level 2.6 Armour
 + Level 2.6 Dodging


You had 2 spell levels left.
You didn't know any spells.

Dungeon Overview and Level Annotations

Branches:
Dungeon (2/15)

Altars:

Annotations:
D:2 Robin


Innate Abilities, Weirdness & Mutations

You reflexively headbutt those who attack you in melee.
You have a pair of horns on your head.


Message History

The kobold hits you with a short sword.
* * * LOW HITPOINT WARNING * * *
You hear a shout!
You hit the kobold but do no damage. The kobold hits you with a short sword.
* * * LOW HITPOINT WARNING * * *
Robin roars a battlecry!
The goblins go into a battle-frenzy!
You slash the kobold!
You kill the kobold!
Trog accepts your kill.
You hit the kobold but do no damage. The kobold barely misses you.
You furiously retaliate!
You headbutt the kobold!
You kill the kobold!
Trog accepts your kill.
You closely miss the hobgoblin. You headbutt the hobgoblin.
You kill the hobgoblin!
Trog accepts your kill.
* * * LOW HITPOINT WARNING * * *
You feel sick. Robin throws the goblin at you!
You die...

# #. .#
#.#.##.#
###.#....
+.......##
#......###
#..†..g..#
#...g(.#...#
#####g### ##
#..@).#
#...g...#
#≈.....≈#
#≈≈...≈≈#
#≈≈...≈≈#
#≈≈...≈≈#
#≈≈...≈≈#
#≈≈...≈≈#


You could see Robin and 3 goblins.

Vanquished Creatures
  An adder (D:2)
  An ooze (D:1)
  2 leopard geckos (D:1)
  2 bats (D:1)
  A giant cockroach (D:2)
  6 goblins
  4 hobgoblins
  A frilled lizard (D:1)
  8 kobolds
  4 rats
30 creatures vanquished.

Notes
Turn   | Place    | Note
-------+----------+-------------------------------------------
     0 | D:1      | failingpatato the Minotaur Berserker began the quest for the Orb.
     0 | D:1      | Reached XP level 1. HP: 19/19 MP: 0/0
   126 | D:1      | Reached XP level 2. HP: 25/27 MP: 1/1
   815 | D:2      | Reached XP level 3. HP: 23/34 MP: 2/2
   821 | D:2      | Reached ** piety under Trog
   828 | D:2      | Noticed Robin
   831 | D:2      | HP: 1/34 [poisoned by a kobold]
   831 | D:2      | Hit by a goblin thrown by Robin

Vault maps used:
D:1:      elethiomel_arrival_infinity_welcomes_careful_drivers
D:2:      minmay_kobold_bridge, uniq_jessica, uniq_robin

Skill      XL: |  1  2 |
---------------+-------+-----
Axes           | 4 |  4.3
Fighting       | 4 |  4.5
Armour         | |  2.6
Dodging        | |  2.6

Action                   || total
-------------------------++-------
Melee: Hand axe          ||    43
       Headbutt          ||    10
Armor: Animal skin       ||     5
Dodge: Dodged            ||    52

Table legend:
 A = Spawn XP
 B = Non-spawn XP
 C = Spawn XP percentage of total XP
 D = Spawn monster count
 E = Non-spawn monster count
 F = Spawn count percentage of total count
 G = Total turns spent on level
                    A         B        C        D         E        F      G
               +---------+---------+-------+---------+---------+-------+---------
         Total |       0 |      67 |   0.0 |       0 |      30 |   0.0 |   831
               +---------+---------+-------+---------+---------+-------+---------
           D:1 |       0 |      36 |   0.0 |       0 |      18 |   0.0 |   810
           D:2 |       0 |      31 |   0.0 |       0 |      12 |   0.0 |    21
               +---------+---------+-------+---------+---------+-------+---------
